 Dungeon Crawl Stone Soup version 0.19-a0-1740-g0bcaf2e (webtiles) character file.

419 Amnesiac the Cudgeler (level 6, -2/63 (67) HPs)
             Began as an Ogre Monk on Oct 1, 2016.
             Slain by an orc wizard
             ... wielding a +0 dagger
              (7 damage)
             ... on level 5 of the Dungeon.
             The game lasted 00:03:44 (2606 turns).

Amnesiac the Cudgeler (Ogre Monk)                   Turns: 2606, Time: 00:03:46

HP:   -2/63 (67)    AC:  3    Str: 17    XL:     6   Next: 93%
MP:   6/6           EV: 12    Int:  9    God:
Gold: 74            SH:  0    Dex: 14    Spells: 0 memorised, 5 levels left

rFire  . . .     SeeInvis .     d - +0 giant club
rCold  . . .     Gourm    .     e - +0 robe
rNeg   . . .     Faith    .     (shield currently unavailable)
rPois  .         Spirit   .     (helmet restricted)
rElec  .         Dismiss  .     (no cloak)
rCorr  .         Reflect  .     (gloves unavailable)
MR     .....     Harm     .     (boots unavailable)
Stlth  ++........               (no amulet)
                                (no ring)
                                (no ring)

@: no status effects
A: unfitting armour, tough skin 1
a: no special abilities


You were on level 5 of the Dungeon.
You were hungry.

You visited 1 branch of the dungeon, and saw 5 of its levels.

You collected 74 gold pieces.

Inventory:

Hand Weapons
 a - a +0 mace
 d - a +0 giant club (weapon)
Armour
 e - a +0 robe (worn)
Wands
 f - a wand of enslavement (12/24)
 i - a wand of paralysis (2/24)
Scrolls
 j - a scroll of enchant armour {unknown}
Comestibles
 b - 3 chunks of flesh
 c - a bread ration
 g - a meat ration
 h - a beef jerky


   Skills:
 + Level 6.1 Fighting
 * Level 7.6 Maces & Flails
 + Level 4.0 Dodging
 - Level 1.5 Stealth


You had 5 spell levels left.
You didn't know any spells.

Dungeon Overview and Level Annotations

Branches:
Dungeon (5/15)
 Temple: D:4-7

Altars:

Annotations:
D:4 Amnesiac's ghost, amateur OgMo


Innate Abilities, Weirdness & Mutations

You are too large for most types of armour.
You have tough skin. (AC +1)


Message History

You closely miss something.
You hear some strange, mumbled words.
A magic dart appears from out of thin air!
The magic dart hits you!
* * * LOW HITPOINT WARNING * * *
You closely miss something.
You hear some strange, mumbled words.
Something tries to affect you, but you resist.
Unknown command.
You sock something! Something hits you.
* * * LOW HITPOINT WARNING * * *
Something hits you but does no damage.
Unknown command.
You barely miss something. Something completely misses you.
Unknown command.
You barely miss something. Something hits you.
* * * LOW HITPOINT WARNING * * *
Unknown command.
You miss something. Something hits you!
You die...

##+###+####+###+
..................
..................
.........................
........................
.........>............
#......#####'#....#
#......#.....'....#
#......#{@)..#....+
#......#)##..#....#####
#.....##.##..#......รท.###+
#.....#..#...#.>..........
+.....'..#...+............
#.....#..##..#............
...######..#####............
.. #....+..#######+#.... .
#....#..... #....


There were no monsters in sight!

Vanquished Creatures
  An ogre (D:4)
  A necrophage (D:4)
  An orc priest (D:4)
  A hound (D:5)
  3 orc wizards
  An iguana (D:5)
  3 adders
  An ooze (D:1)
  An adder skeleton (D:4)
  A dart slug (D:1)
  10 orcs
  A giant cockroach (D:4)
  2 goblins
  5 hobgoblins
  3 jackals (D:1)
  A quokka (D:2)
  2 bats (D:1)
  A frilled lizard (D:4)
  4 kobolds (D:1)
43 creatures vanquished.

Notes
Turn   | Place    | Note
-------+----------+-------------------------------------------
     0 | D:1      | Amnesiac the Ogre Monk began the quest for the Orb.
     0 | D:1      | Reached XP level 1. HP: 24/24 MP: 1/1
    50 | D:1      | Reached XP level 2. HP: 22/32 MP: 2/2
   562 | D:2      | Reached XP level 3. HP: 19/40 MP: 3/3
   844 | D:3      | Reached skill level 5 in Maces & Flails
   921 | D:4      | Noticed Amnesiac's ghost (amateur OgMo)
  1128 | D:4      | Reached XP level 4. HP: 23/49 MP: 4/4
  1156 | D:4      | Reached skill level 5 in Fighting
  1437 | D:4      | Reached skill level 6 in Maces & Flails
  1437 | D:4      | Reached XP level 5. HP: 43/57 MP: 5/5
  1685 | D:4      | Noticed a necrophage
  1719 | D:4      | Killed a necrophage
  1719 | D:4      | Reached XP level 6. HP: 7/62 MP: 6/6
  2275 | D:4      | Reached skill level 7 in Maces & Flails
  2446 | D:5      | Entered Level 5 of the Dungeon
  2606 | D:5      | Slain by an orc wizard

Vault maps used:
D:1:      lightli_arrival_windingriver
D:2:      first_bread
D:3:      kennysheep_six_static_rooms, lemuel_doored_altar, xom_teletrap_fun

Skill      XL: |  1  2  3  4  5  6 |
---------------+-------------------+-----
Maces & Flails | 5 6 7 |  7.6
Dodging        | 3 4 |  4.0
Fighting       | 5 6 |  6.1
Stealth        | |  1.5

Action                   |  1- 3 |  4- 6 || total
-------------------------+-------+-------++-------
Melee: Mace              |    89 |    75 ||   164
       Giant club        |       |    24 ||    24
Evoke: Wand              |       |     3 ||     3
  Use: Scroll            |       |     2 ||     2
       Potion            |       |     1 ||     1
 Stab: Sleeping          |     1 |     2 ||     3
       Paralysed         |       |     6 ||     6
  Eat: Chunk             |       |     5 ||     5
Armor: Robe              |    24 |    11 ||    35
Dodge: Dodged            |    58 |    29 ||    87
